 Dungeon Crawl Stone Soup version 0.14.1-1-g650416f (webtiles) character file.

654 RepoMan the Cudgeler (level 7, -2/41 HPs)
             Began as a Gargoyle Warper on Apr 22, 2014.
             Shot with an arrow by a centaur (13 damage)
             ... on Level 5 of the Dungeon on May 2, 2014.
             The game lasted 00:50:18 (4675 turns).

RepoMan the Cudgeler (Gargoyle Warper)              Turns: 4675, Time: 00:50:18

HP  -2/41        AC 10     Str 15      XL: 7   Next:  5%
MP  13/13        EV 12     Int 13      God:
Gold 200         SH  0     Dex 11      Spells:  3 memorised,  6 levels left

rFire  . . .     SeeInvis .     a - +1 mace
rCold  . . .     Clarity  .     b - +0 leather armour
rNeg   + . .     Conserve .     (no shield)
rPois  +         rCorr    .     C - +0 helmet
rElec  +         rRot     +     (no cloak)
SustAb . .       Spirit   .     K - +0 pair of gloves
rMut   .         Warding  .     (no boots)
Saprov . . .     Stasis   .     (no amulet)
MR     .....                    (no ring)
                                (no ring)

@: invisible, very slightly contaminated, not resistant to hostile enchantments,
very unstealthy
A: life protection 1, electricity resistance, unbreathing, petrification
resistance, AC +4
a: no special abilities


You were on level 5 of the Dungeon.
You were very hungry.

You visited 1 branch of the dungeon, and saw 5 of its levels.

You collected 200 gold pieces.

Inventory:

Hand weapons
 a - a +1,+1 mace (weapon)
 d - a +2,+0 crossbow
 n - a +2,+2 halberd of dragon slaying
 o - a +0,+0 falchion
Missiles
 e - 24 darts
 f - 8 darts of dispersal
 p - 7 darts of frost
 z - 3 tomahawks of returning (quivered)
 E - 9 poisoned needles
 L - 4 needles of slowing
Armour
 b - a +0 leather armour (worn)
 t - a +0 ring mail
 v - a +0 ring mail
 C - a +0 helmet (worn)
 K - a +0 pair of gloves (worn)
Comestibles
 g - 3 bread rations
 j - 2 meat rations
 s - a royal jelly
Scrolls
 m - a scroll of identify
 w - 3 scrolls of enchant weapon II
 x - a scroll of remove curse
 B - a scroll of magic mapping
Potions
 h - 3 potions of curing
 k - a potion of might
 q - 2 potions of resistance
 u - 3 potions of brilliance
Books
 c - a book of Spatial Translocations

   Spells                             Type                      Level
   *Apportation                       Translocation                1
   *Blink                             Translocation                2
   *Shroud of Golubria                Charms/Translocation         2
   Portal Projectile                  Translocation                3
   Teleport Other                     Translocation                3
   Passage of Golubria                Translocation                4
Carrion
 l - a giant gecko corpse


   Skills:
 + Level 3.4 Fighting
 * Level 4.8 Maces & Flails
 - Level 1.0 Throwing
 + Level 2.3 Armour
 + Level 3.0 Dodging
 + Level 2.7 Spellcasting
 + Level 3.8 Translocations


You had 6 spell levels left.
You knew the following spells:

 Your Spells              Type           Power        Failure   Level  Hunger
a - Apportation           Tloc           ##........   6%          1    #......
b - Blink                 Tloc           N/A          10%         2    ##.....
c - Shroud of Golubria    Chrm/Tloc      #.........   17%         2    ##.....


Dungeon Overview and Level Annotations

Branches:
Dungeon (5/15)
 Temple: D:4-7

Altars:

Annotations:
D:3 Cerbis' ghost, average CeWr


Innate Abilities, Weirdness & Mutations

You are resistant to torment.
You are immune to poison.
You are immune to rotting.
Your stone body is very resilient (AC +4).
You resist negative energy.
You are resistant to electric shocks.
You can survive without breathing.
You are immune to petrification.


Message History

The centaur misses you.
You are very lightly contaminated with residual magic.
Casting: Shroud of Golubria
Confirm with . or Enter, or press ? or * to list all spells.
You blink.
You are feeling very hungry.
The centaur wields an uncursed bow.
The centaur shoots an arrow.
Read which item? (? for menu, Esc to quit)
Okay, then.
Unknown command.
Okay, then.
Unknown command.
The centaur shoots an arrow.
The arrow hits you!
You see here an arrow.
The centaur shoots an arrow.
The arrow misses you.
The centaur shoots an arrow.
The centaur shoots an arrow.
The arrow hits the adder.
The adder dies!
The centaur shoots an arrow.
The arrow hits you!
You die...

. #................<# ...
#................<# ....#
##................<#
.....###............[.....#
..........................##
.........(................##
..
..........................##
.
......###.................##
.......# ##....@..........##
......# #..............##
#....## ##g............##
#....###.............##
#......(c...........## #
##..................##
###...c..............##
....................##
...................##


You could see a centaur and a goblin.

Vanquished Creatures
  A phantom (D:5)
  A scorpion (D:5)
  An orc priest (D:4)
  An orc wizard (D:4)
  A worker ant (D:4)
  Ijyb (D:4)
  3 gnolls (D:2)
  A scorpion zombie (D:5)
  6 adders
  An inept feature mimic (D:2)
  5 worms
  A giant eyeball (D:4)
  5 giant geckos
  An ooze (D:3)
  2 orcs
  10 bats
  4 giant cockroaches
  4 goblins
  5 hobgoblins
  2 jackals (D:3)
  10 kobolds
  A quokka (D:3)
  5 giant newts
  An orc skeleton (D:3)
  12 rats
  A rat skeleton (D:4)
86 creatures vanquished.

Vanquished Creatures (others)
  An adder (D:5)
1 creature vanquished.

Grand Total: 87 creatures vanquished

Notes
Turn   | Place    | Note
--------------------------------------------------------------
     0 | D:1      | RepoMan, the Gargoyle Warper, began the quest for the Orb.
     0 | D:1      | Reached XP level 1. HP: 12/12 MP: 3/3
   146 | D:1      | Reached XP level 2. HP: 8/17 MP: 4/4
   894 | D:1      | Learned a level 2 spell: Blink
   897 | D:1      | Learned a level 2 spell: Shroud of Golubria
  1177 | D:2      | Reached skill level 3 in Translocations
  1249 | D:2      | Reached XP level 3. HP: 11/21 MP: 6/6
  1866 | D:2      | Reached XP level 4. HP: 17/27 MP: 7/7
  2471 | D:2      | Upgraded the game from 0.14.0-24-gfb45beb to 0.14.1-1-g650416f
  2668 | D:3      | Reached XP level 5. HP: 29/31 MP: 9/9
  2825 | D:3      | Noticed Cerbis' ghost (average CeWr)
  3419 | D:4      | Reached skill level 4 in Maces & Flails
  3528 | D:4      | Paralysed by a giant eyeball for 2 turns
  3654 | D:3      | Noticed Ijyb
  4095 | D:4      | Killed Ijyb
  4095 | D:4      | Reached XP level 6. HP: 27/37 MP: 11/11
  4449 | D:5      | Entered Level 5 of the Dungeon
  4560 | D:5      | Reached XP level 7. HP: 24/41 MP: 10/13
  4675 | D:5      | Shot with an arrow by a centaur

Action                   |  1- 3 |  4- 6 |  7- 9 || total
-------------------------+-------+-------+-------++-------
Melee: Mace              |   133 |   277 |    31 ||   441
Throw: Dart              |    33 |    68 |       ||   101
       Throwing net      |     2 |     1 |       ||     3
       Tomahawk          |       |    29 |       ||    29
 Cast: Apportation       |     1 |       |       ||     1
       Blink             |       |     4 |     1 ||     5
       Shroud of Golubri |       |     1 |       ||     1
  Use: Scroll            |       |    13 |       ||    13
       Potion            |       |       |     1 ||     1
 Stab: Held in net/web   |       |     1 |       ||     1
